 Dungeon Crawl Stone Soup version 0.18-a0-1778-gadce9fa (webtiles) character file.

508 Zhenya25pyc the Cudgeler (level 7, -2/44 HPs)
             Began as a Gargoyle Fighter on Apr 16, 2016.
             Was an Initiate of Makhleb.
             Slain by an ogre
             ... wielding a cursed +0 giant spiked club
              (8 damage)
             ... on level 4 of the Dungeon.
             The game lasted 00:05:32 (2904 turns).

Zhenya25pyc the Cudgeler (Gargoyle Fighter)         Turns: 2904, Time: 00:05:32

Health: -2/44      AC: 13    Str: 22    XL:     7   Next: 18%
Magic:  7/7        EV:  5    Int:  8    God:    Makhleb [......]
Gold:   182        SH: 14    Dex:  9    Spells: 0 memorised, 6 levels left

rFire  + . .     SeeInvis .     a - +0 flail
rCold  . . .     Gourm    .     b - +0 scale mail
rNeg   + . .     Faith    .     g - +0 large shield {rF+}
rPois  ∞         Spirit   .     (no helmet)
rElec  +         Dismiss  .     r - +0 cloak
rCorr  .         Reflect  .     (no gloves)
SustAt .         Harm     .     (no boots)
MR     .....                    (no amulet)
Stlth  ..........               (no ring)
                                l - ring of wizardry

@: not resistant to hostile enchantments, extremely unstealthy
A: negative energy resistance 1, electricity resistance, unbreathing,
petrification resistance, rot immunity, AC +4
a: Renounce Religion


You were on level 4 of the Dungeon.
You worshipped Makhleb.
Makhleb was noncommittal.
You were hungry.

You visited 1 branch of the dungeon, and saw 4 of its levels.

You collected 182 gold pieces.

Inventory:

Hand Weapons
 a - a +0 flail (weapon)
Armour
 b - a +0 scale mail (worn)
 g - a +0 large shield of fire resistance (worn)
 r - a +0 cloak (worn)
Jewellery
 l - a ring of wizardry (left hand)
Scrolls
 c - 3 scrolls of identify {unknown}
 e - 3 scrolls of remove curse {unknown}
 h - 4 scrolls of enchant weapon {unknown}
 m - 3 scrolls of teleportation {unknown}
 n - a scroll of random uselessness {unknown}
 q - a scroll of recharging {unknown}
 s - 2 scrolls of enchant armour {unknown}
 u - a scroll of immolation {unknown}
 x - a scroll of magic mapping {unknown}
Potions
 d - a potion of might
 j - 3 potions of agility {unknown}
 k - 2 potions of flight {unknown}
 o - a potion of mutation {unknown}
 p - a potion of haste {unknown}
 t - a potion of curing {unknown}
 v - a potion of lignification {unknown}
 z - a potion of heal wounds {unknown}
Comestibles
 f - 4 bread rations
 i - 2 meat rations
 w - 4 fruits
 A - a slice of pizza


   Skills:
 + Level 5.2 Fighting
 * Level 5.6 Maces & Flails
 + Level 4.9 Armour
 - Level 3.2 Shields


You had 6 spell levels left.
You didn't know any spells.

Dungeon Overview and Level Annotations

Branches:
Dungeon (4/15)
 Temple: D:4-7

Altars:
Ashenzari
Cheibriados
Dithmenos
Kikubaaqudgha
Makhleb
Nemelex Xobeh
Okawaru
Pakellas
Qazlal
Ru
Trog
Xom
Zin

Shops:
D:4 }


Innate Abilities, Weirdness & Mutations

You are resistant to torment.
Your stone body is resilient (AC +4).
You are immune to poison.
You resist negative energy.
You are resistant to electric shocks.
You can survive without breathing.
You are immune to petrification.
You are immune to rotting.


Message History

The ogre is moderately wounded.
You hear a distant slurping noise.
The ogre barely misses you.
You hit the ogre.
The ogre is moderately wounded.
The ogre hits you with a giant spiked club!
* * * LOW HITPOINT WARNING * * *
You are too injured to fight recklessly!
You are too injured to fight recklessly!
You are too injured to fight recklessly!
You closely miss the ogre.
The ogre is moderately wounded.
You block the ogre's attack.
You hit the ogre but do no damage.
The ogre is moderately wounded.
You block the ogre's attack.
You sock the ogre!
The ogre is severely wounded.
The ogre hits you with a giant spiked club!
You die...

####### #.....# #.....#
#..<..# #.....# ..
#O....# ... #@....#
...#####.....#
#.....###### #.....#
#.....#
####+#####.....########
##.....................#
.......................#
.......................#


You could see an ogre.

Vanquished Creatures
  Grinder (D:3)
  2 scorpions (D:4)
  An orc priest (D:4)
  3 orc wizards
  2 adders (D:2)
  An ooze (D:1)
  4 worms
  2 dart slugs
  4 giant geckos
  10 orcs
  3 ball pythons
  A giant cockroach (D:2)
  3 goblins
  5 hobgoblins
  7 kobolds
  A quokka (D:3)
  3 bats
  2 giant newts
  10 rats
65 creatures vanquished.

Notes
Turn   | Place    | Note
--------------------------------------------------------------
     0 | D:1      | Zhenya25pyc the Gargoyle Fighter began the quest for the Orb.
     0 | D:1      | Reached XP level 1. HP: 14/14 MP: 1/1
     3 | D:1      | Noticed an electric eel
     3 | D:1      | Noticed an electric eel
   112 | D:1      | Reached XP level 2. HP: 19/19 MP: 2/2
   508 | D:2      | Reached XP level 3. HP: 9/24 MP: 3/3
   904 | D:2      | Reached XP level 4. HP: 27/29 MP: 4/4
  1022 | D:2      | Found a glowing silver altar of Zin.
  1022 | D:2      | Found an ancient bone altar of Kikubaaqudgha.
  1022 | D:2      | Found a bloodstained altar of Trog.
  1022 | D:2      | Found a shadowy altar of Dithmenos.
  1030 | D:2      | Found a sacrificial altar of Ru.
  1034 | D:2      | Found a sparkling altar of Nemelex Xobeh.
  1207 | D:3      | Found a shimmering altar of Xom.
  1473 | D:3      | Found a bloodstained altar of Trog.
  1671 | D:3      | Found a snail-covered altar of Cheibriados.
  1823 | D:3      | Reached XP level 5. HP: 33/33 MP: 5/5
  1848 | D:3      | Noticed Grinder
  1867 | D:3      | Killed Grinder
  1867 | D:3      | Reached XP level 6. HP: 28/40 MP: 6/6
  1974 | D:3      | Found a shattered altar of Ashenzari.
  2022 | D:3      | Found an iron altar of Okawaru.
  2042 | D:3      | Found a burning altar of Makhleb.
  2046 | D:3      | Became a worshipper of Makhleb the Destroyer
  2219 | D:4      | Reached skill level 5 in Maces & Flails
  2277 | D:4      | Reached skill level 5 in Fighting
  2289 | D:4      | Reached XP level 7. HP: 44/44 MP: 7/7
  2519 | D:4      | Found a stormy altar of Qazlal.
  2802 | D:4      | Found an oddly glowing altar of Pakellas.
  2802 | D:4      | Found Pakellas's Prime Provisions.
  2904 | D:4      | Slain by an ogre

Vault maps used:
D:1:      arrival_aquarium_b
D:2:      minmay_overflow_temple_hex
D:3:      nicolae_overflow_quartered_altars, cheibriados_altar_1, first_bread,
          trog_three_pillars_becter, uniq_grinder
D:4:      grunt_qazlal_clouds, johnstein_pakellas_shop

Skill      XL: |  1  2  3  4  5  6 |
---------------+-------------------+-----
Maces & Flails | 3 4 5 |  5.6
Fighting       | 4 5 |  5.2
Armour         | 4 |  4.9
Shields        | |  3.2

Action                   |  1- 3 |  4- 6 |  7- 9 || total
-------------------------+-------+-------+-------++-------
Melee: Flail             |   114 |   104 |    62 ||   280
  Eat: Chunk             |       |     4 |     2 ||     6
Armor: Scale mail        |    96 |    37 |    42 ||   175
Dodge: Dodged            |    24 |    11 |    10 ||    45
Block: Large shield      |   113 |    82 |    62 ||   257
       Shield            |     2 |       |       ||     2
